 Dungeon Crawl Stone Soup version 0.28-a0-2-g643f2454ad (webtiles) character file.

Game seed: 15371876648092753203

548 dickylongcocking the Magician (level 7, -1/49 HPs)
             Began as a Djinni Fire Elementalist on July 22, 2021.
             Slain by an adder (3 damage)
             ... on level 5 of the Dungeon.
             The game lasted 00:07:12 (6041 turns).

dickylongcocking the Magician (DjFE)                Turns: 6041, Time: 00:07:13

Health: -1/49      AC: 10    Str:  6 (7)  XL:     7   Next: 53%
Gold:   321        EV: 12    Int: 17 (18) God:
                   SH:  0    Dex: 14

rFire   + + .      SeeInvis .   e - +2 dagger (spect)
rCold   x . .      Faith    .   (no shield)
rNeg    . . .      Spirit   .   g - +2 leather armour {Will+}
rPois   ∞          Reflect  .   q - +0 helmet
rElec   .          Harm     .   l - +1 cloak
rCorr   .          Rampage  .   f - +1 pair of gloves
Will    +....                   (boots unavailable)
Stlth   ++........              (no amulet)
HPRegen 0.16/turn               (no ring)
MPRegen 0.00/turn               (no ring)

@: flying
A: sickness immunity, fire resistance 2, cold vulnerability 1, float, innate
caster, hp casting, extra vitality 1
a: no special abilities


You were on level 5 of the Dungeon.
You visited 2 branches of the dungeon, and saw 6 of its levels.

You collected 321 gold pieces.

Inventory:

Hand Weapons
 b - a +0 whip
 e - a +2 spectral dagger (weapon)
Armour
 a - a +0 robe
 c - a +0 pair of gloves
 f - a +1 pair of gloves (worn)
 g - a +2 leather armour of willpower (worn)
 l - a +1 cloak (worn)
 q - a +0 helmet (worn)
Magical Staves
 v - a staff of earth
Jewellery
 d - a ring of fire
 o - a ring of magical power
Wands
 j - a wand of flame (14)
Scrolls
 k - 2 scrolls of vulnerability
 n - 3 scrolls of identify
 s - a scroll of silence {unknown}
Potions
 i - 2 potions of cancellation {unknown}
 p - a potion of resistance


   Skills:
 * Level 2.8 Fighting
 - Level 1.1 Maces & Flails
 - Level 3.1 Dodging
 - Level 2.3 Stealth
 * Level 5.1 Spellcasting


You couldn't memorise any spells.
You knew the following spells:

 Your Spells              Type           Power      Damage    Failure   Level
a - Foxfire               Conj/Fire      84%        2x1d8     2%          1
b - Conjure Flame         Conj/Fire      21%        6-21      8%          3
c - Inner Flame           Hex/Fire       21%        N/A       8%          3
d - Sticky Flame          Conj/Fire      21%        2d4       26%         4
e - Fireball              Conj/Fire      10%        3d6       58%         5
f - Corona                Hex            23%        N/A       2%          1
g - Static Discharge      Conj/Air       21%        N/A       4%          2
p - Poisonous Vapours     Pois/Air       42%        N/A       4%          2
Your spell library was empty.

Dungeon Overview and Level Annotations

Branches:
Dungeon (5/15)             Temple (1/1) D:4

Altars:
Cheibriados
Dithmenos
Elyvilon
Fedhas
Gozag
Qazlal
Ru
Sif Muna
Trog
Vehumet
Wu Jian
Xom
Yredelemnul
The Shining One

Annotations:
D:4 robertstho's ghost, amateur DjFE


Innate Abilities, Weirdness & Mutations

You are immune to sickness and miasma.
You are immune to poison.
Your flesh is very heat resistant. (rF++)
You are vulnerable to cold. (rC-)
You float through the air rather than walking.
You learn spells naturally, not from books.
Your magical power is your life essence.
You have superior vitality. (+4 HP)


Message History

A gnoll comes into view. It is wielding a +0 club.
There is an open door here.
Okay, then.
Okay, then.
An ufetubus comes into view.
The ufetubus shouts!
The gnoll shouts! x2
The iguana barely misses you.
Your magical contamination has completely faded away.
The ufetubus hits you but does no damage.
The ufetubus closely misses you. The ufetubus hits you.
* * * LOW HITPOINT WARNING * * *
The ufetubus barely misses you.
The ufetubus hits you but does no damage.
The ufetubus barely misses you.
The ufetubus hits you but does no damage. x2
The ufetubus barely misses you.
The ufetubus hits you but does no damage.
The ufetubus barely misses you. The ufetubus closely misses you.
The ufetubus barely misses you.
The ufetubus hits you but does no damage.
The ufetubus hits you but does no damage.
The ufetubus barely misses you.
The ufetubus hits you but does no damage.
The ufetubus barely misses you.
An adder and a zombie come into view.
The ufetubus misses you.
The ufetubus hits you but does no damage.
The adder hisses angrily.
The ufetubus barely misses you.
The ufetubus hits you but does no damage.
The bullfrog zombie barely misses you. The adder barely misses you.
The bullfrog zombie hits you but does no damage.
The adder barely misses you. The ufetubus closely misses you.
The ufetubus hits you but does no damage.
You reach down and open the door.
The ufetubus hits you.
* * * LOW HITPOINT WARNING * * *
The ufetubus closely misses you. The adder bites you.
You die...

######+#. ...
......... ..
####.### ..........
.. ........
.........# .#
........
.........+..# ......
.........#.# .....
.........'# ####...
........@# ###......
......lS5#
##........
........Z##
##......##.
.........g#
###g...#####.
#####+###.###.g..###
## #.g.....##
#......## ##...###
#####


You could see an iguana, 2 gnolls, an adder, an ufetubus and a bullfrog zombie.

Vanquished Creatures
  An acid dragon (D:5)
  An ogre (D:5)
  A scorpion (D:3)
  An orc priest (D:4)
  A bullfrog skeleton (D:4)
  3 orc wizards
  7 adders
  An adder skeleton (D:3)
  2 worms (D:2)
  A dart slug (D:4)
  7 orcs
  11 bats
  6 endoplasms
  2 giant cockroaches
  3 hobgoblins
  9 jackals (D:1)
  3 quokkas
  5 ball pythons
  4 frilled lizards
  3 goblins
  4 kobolds
  15 rats
91 creatures vanquished.

Vanquished Creatures (collateral kills)
  2 foxfires
2 creatures vanquished.

Vanquished Creatures (others)
  266 foxfires
  A plant (D:3)
267 creatures vanquished.

Grand Total: 360 creatures vanquished

Notes
Turn   | Place    | Note
-------+----------+-------------------------------------------
     0 | D:1      | dickylongcocking the Djinni Fire Elementalist began the
                  | quest for the Orb.
     0 | D:1      | Reached XP level 1. HP: 15/15 MP: 0/0
   438 | D:1      | Reached XP level 2. HP: 18/21 MP: 0/0
   997 | D:1      | Reached XP level 3. HP: 12/25 MP: 0/0
   997 | D:1      | Learned a level 1 spell: Corona
  1002 | D:1      | Reached skill level 3 in Spellcasting
  1882 | D:2      | Reached XP level 4. HP: 28/31 MP: 0/0
  2111 | D:2      | Found a faded altar of an unknown god.
  2981 | D:3      | Noticed a scorpion
  2990 | D:3      | Killed a scorpion
  2991 | D:3      | Reached skill level 4 in Spellcasting
  2991 | D:3      | Reached XP level 5. HP: 22/35 MP: 0/0
  2991 | D:3      | Learned a level 2 spell: Poisonous Vapours
  3781 | D:4      | Reached XP level 6. HP: 13/40 MP: 0/0
  4075 | D:4      | Found a runed translucent door.
  4086 | D:4      | Noticed robertstho's ghost (amateur DjFE)
  4113 | D:4      | Found a glowing golden altar of the Shining One.
  4126 | D:4      | Reached skill level 1 in Maces & Flails
  4275 | D:4      | Found a staircase to the Ecumenical Temple.
  4290 | Temple   | Entered the Ecumenical Temple
  4387 | D:4      | Found a stormy altar of Qazlal.
  4557 | D:4      | Identified the +3 spear "Xeanavu" {elec, MP+9}
  5382 | D:5      | Entered Level 5 of the Dungeon
  5422 | D:5      | Noticed an ogre
  5453 | D:5      | Killed an ogre
  5454 | D:5      | Reached skill level 1 in Fighting
  5454 | D:5      | Reached XP level 7. HP: 43/48 MP: 0/0
  5454 | D:5      | Learned a level 2 spell: Static Discharge
  5525 | D:5      | Noticed an acid dragon
  5541 | D:5      | Killed an acid dragon
  5542 | D:5      | Reached skill level 5 in Spellcasting
  6041 | D:5      | HP: 2/49 [ufetubus (4)]
  6041 | D:5      | Slain by an adder

Illustrated notes

Levels and vault maps discovered:
D:1:      zaba_arrival_water, layout_basic, minmay_rat_gold_closets
D:2:      layout_basic, ebering_ecumenical_altar_box, minmay_pentomino_x4
D:3:      layout_basic, portal_sewer_entry_d, serial_bayou, serial_bayou_ford_a,
          serial_bayou_pond_a, serial_bayou_pond_a, serial_bayou_pond_c
D:4:      layout_gridville, nicolae_qazlal_scattered_showers,
          nicolae_tso_carved_into_rock, minmay_temple_entry_large_hall,
          ebering_ghost_sewer_d, roderic_batcave
D:5:      layout_basic, serial_curves, eino_curves_03, eino_curves_01,
          eino_curves_02, eino_curves_02
Temple:   nicolae_temple_x_marks_the_god

Skill      XL: |  1  2  3  4  5  6  7 |
---------------+----------------------+-----
Spellcasting   | 3 4 5 |  5.1
Stealth        | 2 |  2.3
Dodging        | 3 |  3.1
Maces & Flails | 1 |  1.1
Fighting       | 1 2 |  2.8

Action                   |  1- 3 |  4- 6 |  7- 9 || total
-------------------------+-------+-------+-------++-------
Melee: Unarmed           |     3 |       |       ||     3
       Whip              |     5 |    35 |       ||    40
       Staff             |       |     5 |       ||     5
       Dagger            |       |       |    24 ||    24
 Cast: Foxfire           |    77 |    98 |     4 ||   179
       Sticky Flame      |       |     2 |     2 ||     4
       Poisonous Vapours |       |    16 |     1 ||    17
       Inner Flame       |       |     5 |     2 ||     7
  Use: Potion            |     2 |     5 |     2 ||     9
       Scroll            |       |     5 |     1 ||     6
 Stab: Sleeping          |       |     1 |       ||     1
Armor: Robe              |    14 |    28 |       ||    42
       Skin              |    39 |       |       ||    39
       Leather armour    |       |       |    32 ||    32
Dodge: Dodged            |    32 |    73 |    42 ||   147

Table legend: (Time is in decaauts)
 A = Elapsed time spent in this place.
 B = Non-inter-level travel time spent in this place.
 C = Inter-level travel time spent in this place.
 D = Time resting spent in this place.
 E = Time spent auto-exploring this place.
 F = Levels seen in this place.
 G = Mean time per level.
                   A        B        C        D        E       F      G
               +--------+--------+--------+--------+--------+-----+--------+
         Total |   6043 |   5922 |    121 |    774 |   4306 |   6 | 1007.2 |
       Dungeon |   5965 |   5844 |    121 |    774 |   4256 |   5 | 1193.0 |
        Temple |     77 |     77 |      0 |      0 |     50 |   1 |   77.0 |
               +--------+--------+--------+--------+--------+-----+--------+

Top non-repeatable levels by time:
     D:1: 1435 daAuts
     D:4: 1338 daAuts
     D:2: 1282 daAuts
     D:3: 1251 daAuts
     D:5: 658 daAuts
  Temple: 77 daAuts
